 Dungeon Crawl Stone Soup version 0.29-a0-994-gc5c9f59d18 (webtiles) character file.

Game seed: 3145733233388807472

1613 Newt the Skirmisher (level 9, -1/52 HPs)
             Began as a Kobold Arcane Marksman on Aug 3, 2022.
             Was a Follower of Dithmenos.
             Slain by Duvessa
             ... wielding a +0 short sword
              (9 damage)
             ... on level 7 of the Dungeon.
             The game lasted 00:12:41 (5054 turns).

Newt the Skirmisher (Kobold Arcane Marksman)        Turns: 5054, Time: 00:12:41

Health: -1/52      AC:  3    Str: 10    XL:     9   Next: 16%
Magic:  1/13       EV: 16    Int: 14    God:    Dithmenos [*.....]
Gold:   242        SH:  0    Dex: 17    Spells: 7/14 levels left

rFire   . . .      SeeInvis .   a - +2 sling (venom)
rCold   . . .      Faith    .   (no shield)
rNeg    + . .      Spirit   .   c - +0 robe
rPois   .          Reflect  .   (no helmet)
rElec   .          Harm     .   (no cloak)
rCorr   .          Rampage  .   (no gloves)
Will    .....                   m - +0 pair of boots
Stlth   ++++......              (no amulet)
HPRegen 0.17/turn               t - ring of wizardry
MPRegen 0.13/turn               l - ring of positive energy

@: wreathed by umbra
A: small, no large weapons, nightstalker 3
a: Renounce Religion


You were on level 7 of the Dungeon.
You worshipped Dithmenos.
Dithmenos was aware of your devotion.
You visited 1 branch of the dungeon, and saw 7 of its levels.

You collected 242 gold pieces.

Inventory:

Hand Weapons
 a - a +2 sling of venom (weapon)
 r - the +10 hammer of Floods {pain, rPois rF- Dex+6}
   (You found it on level 5 of the Dungeon)

   In the hands of one skilled in necromantic magic, it inflicts extra damage on
   living creatures.
   Dex:       It affects your dexterity (+6).
   rF:        It makes you vulnerable to fire.
   rPois:     It protects you from poison.
Armour
 c - a +0 robe (worn)
 m - a +0 pair of boots (worn)
 u - a +1 chain mail of poison resistance
Jewellery
 i - a ring of protection from cold
 l - a ring of positive energy (right hand)
 t - a ring of wizardry (left hand)
Wands
 n - a wand of iceblast (5)
 s - a wand of mindburst (7)
Scrolls
 b - 2 scrolls of vulnerability
 h - 2 scrolls of fear
 j - a scroll of noise {unknown}
 k - 2 scrolls of brand weapon
Potions
 d - 2 potions of might
 e - 6 potions of curing
 f - a potion of ambrosia
 g - a potion of magic
 o - 2 potions of heal wounds
 p - a potion of haste
 v - a potion of invisibility


   Skills:
 + Level 4.5 Fighting
 + Level 10.4 Ranged Weapons
 + Level 0.7 Armour
 + Level 3.8 Dodging
 + Level 2.4 Stealth
 + Level 3.3 Spellcasting
 + Level 4.7 Hexes
 * Level 2.0 Fire Magic
 + Level 0.4 Evocations


You had 7 spell levels left.
You knew the following spells:

 Your Spells              Type           Power      Damage    Failure   Level
a - Slow                  Hex            60%        N/A       1%          1
b - Inner Flame           Hex/Fire       11%        N/A       6%          3
c - Portal Projectile     Hex/Tloc       16%        N/A       10%         3

Your spell library contained the following spells:

 Spells                   Type           Power      Damage    Failure   Level
 Foxfire                  Conj/Fire      20%        2x1d5     6%          1
 Scorch                   Fire           16%        2d5       6%          2
 Beastly Appendage        Tmut           4%         N/A       9%          1
 Magic Dart               Conj           8%         1d3       9%          1
 Summon Small Mammal      Summ           8%         N/A       9%          1
 Summon Guardian Golem    Hex/Summ       8%         N/A       10%         3
 Cause Fear               Hex            7%         N/A       12%         4
 Call Imp                 Summ           2%         N/A       13%         2
 Wereblood                Tmut           2%         N/A       13%         2
 Conjure Flame            Conj/Fire      5%         6-21      16%         3
 Ignite Poison            Fire/Tmut/Pois 4%         N/A       19%         3
 Call Canine Familiar     Summ           2%         N/A       26%         3
 Mephitic Cloud           Conj/Pois/Air  2%         N/A       26%         3
 Spider Form              Tmut/Pois      2%         N/A       26%         3
 Sticky Flame             Conj/Fire      5%         2d3       45%         4
 Fireball                 Conj/Fire      2%         3d4       80%         5


Dungeon Overview and Level Annotations

Branches:
Dungeon (7/15)
 Temple: D:4-7

Altars:
Dithmenos
Okawaru

Annotations:
D:7 Duvessa


Innate Abilities, Weirdness & Mutations

You are small and have problems with some larger weapons.
You are completely attuned to the shadows.


Message History

Duvessa, Sister of Dowan comes into view.
She is wielding a +0 short sword and carrying a wand of mindburst (9).
Unknown command.
Aiming: Slow (safe; 1% risk of failure)
Press: ? - help, Q - select action, (/) - cycle Shift-Dir - straight line, f - Duvessa
Aim: Duvessa, wielding a +0 short sword, wearing a +0 leather armour and carrying a wand of mindburst (9) (chance to affect: 37%)
Okay, then.
Aiming: Slow (safe; 1% risk of failure)
Press: ? - help, Q - select action, (/) - cycle Shift-Dir - straight line, f - Duvessa
Aim: Duvessa, wielding a +0 short sword, wearing a +0 leather armour and carrying a wand of mindburst (9) (chance to affect: 37%) Duvessa seems to slow down.
Duvessa shakes off her lethargy.
Duvessa goes berserk!
Duvessa hits you with a +0 short sword!
Aiming: Slow (safe; 1% risk of failure)
Press: ? - help, Q - select action, (/) - cycle Shift-Dir - straight line, f/p - Duvessa
Aim: Duvessa, wielding a +0 short sword, wearing a +0 leather armour and carrying a wand of mindburst (9) (berserk, chance to affect: 37%) Duvessa easily resists.
Duvessa hits you with a +0 short sword!
* * * LOW HITPOINT WARNING * * *
Duvessa barely misses you.
You can't see any enemies this would affect, really read the scroll of fear?
Okay, then.
Blink to where?
Press: ? - help, Q - select action, (/) - cycle Dir - move target, p - Duvessa
As you read the scroll of blinking, it crumbles to dust.
You hear a shout!
You hear a shout!
Casting: Slow (safe; 1% risk of failure)
Confirm with . or Enter, or press ? or * to list all spells.
Aiming: Slow (safe; 1% risk of failure)
Press: ? - help, Shift-Dir - straight line, f - Duvessa
Aim: Duvessa, wielding a +0 short sword, wearing a +0 leather armour and carrying a wand of mindburst (9) (berserk, chance to affect: 37%) Duvessa easily resists.
Casting: Slow (safe; 1% risk of failure)
Confirm with . or Enter, or press ? or * to list all spells.
Aiming: Slow (safe; 1% risk of failure)
Press: ? - help, Shift-Dir - straight line, f/p - Duvessa
Aim: Duvessa, wielding a +0 short sword, wearing a +0 leather armour and carrying a wand of mindburst (9) (berserk, chance to affect: 37%) Duvessa easily resists.
Duvessa completely misses you. Duvessa attacks as you move away!
Duvessa hits you with a +0 short sword!
You die...

#### ##...#
.....#####
#......?######
#..@../.§...#
#.e###.####.#
###..# #.# #.#
####$..$# #.# #.#
........# #.#
#e####
.....)..###.##
#.....
........§....#
#.####
###.....###..###.##
.................<#


You could see Duvessa (berserk).

Vanquished Creatures
  Prince Ribbit (D:5)
  Eustachio (D:5)
  Menkaure (D:6)
  A black bear (D:5)
  A sky beast (D:5)
  2 ogres
  Blork the orc (D:6)
  2 necrophages
  3 scorpions (D:5)
  Dowan (D:7)
  A bullfrog zombie (D:6)
  2 jellies
  A hound (D:4)
  Crazy Yiuf (D:5)
  A bullfrog skeleton (D:6)
  An iguana (D:6)
  4 orc wizards (D:5)
  4 adders
  A white imp (D:7)
  An ufetubus (D:5)
  2 worms
  11 orcs
  5 bats
  2 endoplasms
  4 giant cockroaches
  3 goblins
  5 hobgoblins
  2 jackals (D:2)
  4 ball pythons
  3 frilled lizards (D:2)
  A kobold (D:1)
  4 rats
77 creatures vanquished.

Notes
Turn   | Place    | Note
-------+----------+-------------------------------------------
     0 | D:1      | Newt the Kobold Arcane Marksman began the quest for the
                  | Orb.
     0 | D:1      | Reached XP level 1. HP: 12/12 MP: 2/2
   261 | D:1      | Reached skill level 3 in Ranged Weapons
   275 | D:1      | Reached XP level 2. HP: 16/16 MP: 3/3
   889 | D:2      | Found a faded altar of an unknown god.
   993 | D:2      | Reached XP level 3. HP: 20/20 MP: 4/4
  1603 | D:3      | Found a shadowy altar of Dithmenos.
  1606 | D:3      | Found an iron altar of Okawaru.
  1609 | D:3      | Became a worshipper of Dithmenos the Shadowed
  1677 | D:3      | Reached skill level 4 in Ranged Weapons
  1825 | D:3      | Reached XP level 4. HP: 26/26 MP: 5/5
  2156 | D:4      | Reached skill level 5 in Ranged Weapons
  2255 | D:4      | Noticed a necrophage
  2277 | D:5      | Entered Level 5 of the Dungeon
  2377 | D:5      | Noticed a scorpion
  2385 | D:5      | Reached skill level 6 in Ranged Weapons
  2385 | D:5      | Reached skill level 1 in Stealth
  2385 | D:5      | Reached XP level 5. HP: 25/31 MP: 6/6
  2695 | D:5      | Reached XP level 6. HP: 34/36 MP: 7/7
  2746 | D:5      | Noticed an ogre
  2787 | D:5      | Killed an ogre
  2788 | D:5      | Reached skill level 7 in Ranged Weapons
  2940 | D:5      | Noticed a sky beast
  2968 | D:5      | Killed a sky beast
  2969 | D:5      | Reached XP level 7. HP: 22/40 MP: 8/10
  3147 | D:5      | Reached skill level 8 in Ranged Weapons
  3247 | D:5      | Noticed Prince Ribbit
  3263 | D:5      | Killed Prince Ribbit
  3264 | D:5      | Reached XP level 8. HP: 20/46 MP: 8/11
  3596 | D:5      | Reached skill level 9 in Ranged Weapons
  3652 | D:5      | Got the Vademecum on the Volcanoes
  4050 | D:5      | Found a runed translucent door.
  4053 | D:5      | Noticed Crazy Yiuf
  4071 | D:5      | Killed Crazy Yiuf
  4083 | D:5      | Identified the +10 hammer of Floods {pain, rPois rF- Dex+6}
  4217 | D:5      | Noticed Eustachio
  4229 | D:5      | Killed Eustachio
  4510 | D:5      | Learned a level 3 spell: Inner Flame
  4652 | D:6      | Reached skill level 10 in Ranged Weapons
  4821 | D:6      | Noticed Menkaure
  4836 | D:6      | Killed Menkaure
  4837 | D:6      | Reached skill level 1 in Fire Magic
  4837 | D:6      | Reached XP level 9. HP: 50/52 MP: 2/13
  4948 | D:6      | Learned a level 3 spell: Portal Projectile
  4958 | D:6      | Reached * piety under Dithmenos
  4959 | D:6      | Noticed Blork the orc
  4967 | D:6      | Killed Blork the orc
  4992 | D:7      | Noticed Dowan
  5040 | D:7      | Killed Dowan
  5045 | D:7      | Noticed Duvessa
  5054 | D:7      | Slain by Duvessa

Illustrated notes

Levels and vault maps discovered:
D:1:      reono_arrival_forest_river, layout_basic
D:2:      layout_rooms, chequers_ecumenical_altar_simple_redux
D:3:      layout_loops_ring, chequers_temple_overflow_statue_of_worship,
          chequers_serial_rivers_small_b, minivault_27
D:4:      layout_basic, ebering_ghost_gozag, minmay_tree_intersection
D:5:      layout_loops_corners, uniq_eustachio, uniq_prince_ribbit1,
          uniq_crazy_yiuf_cottage
D:6:      layout_cave_pools, makhleb_grotto_becter, serial_undead,
          serial_undead_f, serial_undead_b, serial_undead_e, serial_undead_d,
          hangedman_abyss_or_decor_passed, grunt_decor_mini_mirrors,
          minivault_10, uniq_blork_the_orc, uniq_menkaure
D:7:      layout_loops_ring, fedhas_altar_2, trog_three_pillars_becter,
          mainiacjoe_overflow_surrounded_room, minmay_temple_entry_poolview,
          uniq_duvessa

Skill      XL: |  1  2  3  4  5  6  7  8  9 |
---------------+----------------------------+-----
Ranged Weapons | 3 4 6 7 8 10 | 10.4
Fighting       | 2 3 4 |  4.5
Stealth        | 1 2 |  2.4
Dodging        | 3 |  3.8
Spellcasting   | 2 3 |  3.3
Hexes          | 4 |  4.7
Fire Magic     | 1 2 |  2.0
Armour         | |  0.7
Evocations     | |  0.4

Action                   |  1- 3 |  4- 6 |  7- 9 || total
-------------------------+-------+-------+-------++-------
Melee: Sling             |       |       |     1 ||     1
 Fire: Sling             |    81 |    49 |   124 ||   254
 Cast: Slow              |       |     9 |    23 ||    32
       Inner Flame       |       |       |     7 ||     7
Evoke: Wand              |       |     2 |       ||     2
  Use: Scroll            |     7 |     4 |     6 ||    17
       Potion            |       |       |     1 ||     1
Armor: Robe              |     5 |     5 |     7 ||    17
       Chain mail        |       |       |    40 ||    40
Dodge: Dodged            |    47 |    24 |    71 ||   142

Table legend: (Time is in decaauts)
 A = Elapsed time spent in this place.
 B = Non-inter-level travel time spent in this place.
 C = Inter-level travel time spent in this place.
 D = Time resting spent in this place.
 E = Time spent auto-exploring this place.
 F = Levels seen in this place.
 G = Mean time per level.
                   A        B        C        D        E       F      G
               +--------+--------+--------+--------+--------+-----+--------+
         Total |   5084 |   4878 |    206 |    752 |   3379 |   7 |  726.3 |
       Dungeon |   5084 |   4878 |    206 |    752 |   3379 |   7 |  726.3 |
               +--------+--------+--------+--------+--------+-----+--------+

Top non-repeatable levels by time:
     D:5: 2318 daAuts
     D:2: 748 daAuts
     D:3: 707 daAuts
     D:1: 683 daAuts
     D:6: 400 daAuts
     D:4: 164 daAuts
     D:7: 60 daAuts
